 Dungeon Crawl Stone Soup version 0.21.1-1-g345015fe64 (webtiles) character file.

30 Kohma the Sneak (level 3, -2/16 HPs)
             Began as a Spriggan Enchanter on June 10, 2018.
             Slain by a worm (10 damage)
             ... on level 2 of the Dungeon.
             The game lasted 00:06:28 (1753 turns).

Kohma the Sneak (Spriggan Enchanter)                Turns: 1753, Time: 00:06:29

Health: -2/16      AC:  2    Str:  5    XL:     3   Next: 3%
Magic:  2/8        EV: 19    Int: 16    God:
Gold:   38         SH:  0    Dex: 16    Spells: 2/8 levels left

rFire    . . .     SeeInvis +   a - +1 dagger
rCold    . . .     Gourm    .   (shield restricted)
rNeg     . . .     Faith    .   b - +0 robe
rPois    .         Spirit   .   (helmet restricted)
rElec    .         Reflect  .   (no cloak)
rCorr    .         Harm     .   (gloves unavailable)
MR       .....                  (boots unavailable)
Stlth    +++.......             (no amulet)
HPRegen  0.05/turn              (no ring)
MPRegen  0.11/turn              (no ring)

@: very slightly contaminated, very quick
A: very small, unfitting armour, see invisible, herbivore, speed 3, slow
metabolism 2
a: no special abilities


You were on level 2 of the Dungeon.
You were not hungry.

You visited 1 branch of the dungeon, and saw 3 of its levels.

You collected 38 gold pieces.

Inventory:

Hand Weapons
 a - a +1 dagger (weapon)
 g - a +0 dagger
 i - a +0 short sword
Missiles
 j - 32 stones (quivered)
 o - 6 tomahawks
Armour
 b - a +0 robe (worn)
 p - a +0 robe
Scrolls
 h - 2 scrolls of magic mapping {unknown}
 k - a scroll of remove curse {unknown}
 l - a scroll of identify {unknown}
 n - 3 scrolls of enchant weapon {unknown}
 q - a scroll of random uselessness {unknown}
 r - a scroll of noise {unknown}
 s - a scroll of fear {unknown}
Potions
 e - a potion of heal wounds {unknown}
 f - a potion of curing {unknown}
 m - a potion of mutation {unknown}
Books
 c - a book of Maledictions

   Spells                             Type                      Level
   a - Corona                         Hexes                        1
   b - Ensorcelled Hibernation        Hexes/Ice                    2
   c - Confuse                        Hexes                        3
   d - Tukima's Dance                 Hexes                        3
   e - Dazzling Spray                 Conjuration/Hexes            3
Comestibles
 d - 2 rations


   Skills:
 * Level 2.1 Short Blades
 + Level 3.4 Dodging
 - Level 4.4 Stealth
 + Level 3.0 Spellcasting
 * Level 4.2 Hexes


You had 2 spell levels left.
You knew the following spells:

 Your Spells              Type           Power        Failure   Level  Hunger
a - Corona                Hex            ###....      3%          1    #......
b - Ensorcelled Hibernat  Hex/Ice        #.....       12%         2    ##.....
c - Confuse               Hex            ###.....     10%         3    ###....


Dungeon Overview and Level Annotations

Branches:
Dungeon (3/15)

Altars:


Innate Abilities, Weirdness & Mutations

You are very small and have problems with some larger weapons.
You are too small for most types of armour.
You have supernaturally acute eyesight. (SInv)
You are a herbivore.
You cover ground extremely quickly.
You need consume almost no food.


Message History

Press: ? - help, Shift-Dir - straight line, f - worm
Aim: a worm (lightly wounded, chance to defeat MR: 50%)
You miscast Ensorcelled Hibernation.
You are very lightly contaminated with residual magic.
You shiver with cold.
The worm bites you!
Ouch! That really hurt!
Casting: Ensorcelled Hibernation
Confirm with . or Enter, or press ? or * to list all spells.
Aiming: Ensorcelled Hibernation
Press: ? - help, Shift-Dir - straight line, f/p - worm
Aim: a worm (lightly wounded, chance to defeat MR: 50%)
The worm resists with some effort.
Casting: Ensorcelled Hibernation
Confirm with . or Enter, or press ? or * to list all spells.
Aiming: Ensorcelled Hibernation
Press: ? - help, Shift-Dir - straight line, f/p - worm
Aim: a worm (lightly wounded, chance to defeat MR: 50%)
The worm resists with some effort.
The worm bites you!
Ouch! That really hurt!
You die...

##########
#........#
#........#
#........#
#........#
#....?...##
+..w.......
#..@.....#
#........#
###........#
#.##.....#######
..............>#
.##.##<.#####.#
#.....# #####.#
#.#


You could see a worm.

Vanquished Creatures
  An ooze (D:1)
  A worm (D:2)
  2 dart slugs (D:1)
  A giant cockroach (D:1)
  2 goblins (D:1)
  3 hobgoblins (D:1)
  3 jackals (D:2)
  A bat (D:1)
  2 kobolds (D:1)
  2 rats (D:1)
18 creatures vanquished.

Notes
Turn   | Place    | Note
-------+----------+-------------------------------------------
     0 | D:1      | Kohma the Spriggan Enchanter began the quest for the Orb.
     0 | D:1      | Reached XP level 1. HP: 9/9 MP: 5/5
   423 | D:1      | Reached XP level 2. HP: 8/13 MP: 4/6
   427 | D:1      | Learned a level 2 spell: Ensorcelled Hibernation
  1317 | D:1      | Reached XP level 3. HP: 16/16 MP: 8/8
  1327 | D:1      | Learned a level 3 spell: Confuse
  1753 | D:2      | Slain by a worm

Skill      XL: |  1  2 |
---------------+-------+-----
Hexes          | 4 |  4.2
Short Blades   | 2 |  2.1
Spellcasting   | 3 |  3.0
Dodging        | |  3.4
Stealth        | |  4.4

Action                   || total
-------------------------++-------
Melee: Dagger            ||    46
 Cast: Corona            ||     7
       Ensorcelled Hiber ||    15
 Stab: Sleeping          ||    13
Armor: Robe              ||     3
Dodge: Dodged            ||    30
